 Dungeon Crawl Stone Soup version 0.31-a0-200-gbc41564c69 (webtiles) character file.

Game seed: 2044410508600368939

35 qw the Shooter (level 3, -1/20 HPs)
             Began as a Deep Elf Hunter on June 25, 2023.
             Slain by a gnoll
             ... wielding a +0 spear
              (5 damage)
             ... on level 2 of the Dungeon.
             The game lasted 00:00:16 (1062 turns).

qw the Shooter (Deep Elf Hunter)                    Turns: 1062, Time: 00:00:17

Health: -1/20      AC:  5    Str: 10    XL:     3   Next: 17%
Magic:  5/5        EV: 11    Int: 13    God:
Gold:   75         SH:  0    Dex: 18    Spells: 2/2 levels left

rFire   . . .        Y - +0 shortbow
rCold   . . .        (shield currently unavailable)
rNeg    . . .        g - +0 ring mail
rPois   .            (no helmet)
rElec   .            (no cloak)
rCorr   .            (no gloves)
SInv    .            (no boots)
Will    .....        (no amulet)
Stlth   +            (no ring)
HPRegen 0.23/turn    (no ring)
MPRegen 0.09/turn

%: no passive effects
@: no status effects
A: no striking features
a: no special abilities


You were on level 2 of the Dungeon.
You visited 1 branch of the dungeon, and saw 2 of its levels.

You collected 75 gold pieces.


   Skills:
 - Level 1.5 Fighting
 + Level 6.8 Ranged Weapons
 - Level 2.4 Dodging
 - Level 1.2 Stealth


You had 2 spell levels left.
You didn't know any spells.
Your spell library was empty.

Inventory:

Hand Weapons
 Y - a +0 shortbow (weapon)
Armour
 d - a scarf of harm
 g - a +0 ring mail (worn)
Scrolls
 c - a scroll of blinking {unknown}
Potions
 a - a potion of heal wounds {unknown}
 b - a potion of attraction {unknown}
 i - a potion of haste {unknown}
 k - a potion of brilliance {unknown}

Dungeon Overview and Level Annotations

Branches:
Dungeon (2/15)

Altars:

Shops:
D:1 [


Message History

The arrow closely misses the gnoll.
You shoot an arrow. The arrow closely misses the gnoll. x2
A bat comes into view.
You shoot an arrow. The arrow hits the gnoll.
The gnoll is moderately wounded.
The gnoll hits you with a +0 club.
You shoot an arrow. The arrow hits the gnoll!
The gnoll is almost dead.
A gnoll comes into view. It is wielding a +0 halberd.
The gnoll barely misses you.
The gnoll hits you from afar with a +0 spear.
The gnoll completely misses you.
You shoot an arrow. The arrow hits the gnoll.
You kill the gnoll!
The bat barely misses you.
The gnoll hits you from afar with a +0 spear.
You have reached level 3!
Your experience leads to an increase in your attributes!
Increase (S)trength, (I)ntelligence, or (D)exterity?
You feel stronger. x2
1055 ||| Stepping ~*~*~tactically~*~*~ (outnumbered).
You shoot an arrow. The arrow barely misses the bat.
The bat hits you but does no damage. x2
You shoot an arrow. The arrow closely misses the bat.
The bat barely misses you. The gnoll barely misses you.
The bat barely misses you.
You shoot an arrow. The arrow closely misses the bat.
The bat hits you but does no damage.
The gnoll hits you from afar with a +0 spear.
The bat closely misses you. The gnoll hits you but does no damage.
You shoot an arrow. The arrow hits the bat!
You kill the bat!
The gnoll closely misses you.
1060 ||| Stepping ~*~*~tactically~*~*~ (outnumbered).
You shoot an arrow. The arrow hits the gnoll!
The gnoll is heavily wounded.
The gnoll hits you from afar with a +0 spear.
You shoot an arrow. The arrow closely misses the gnoll.
The gnoll hits you from afar with a +0 spear.
You die...

################
#..............# ###
#..............# ....
#..............# .....
#..............#
......##.........>....#
.....g)g..............#
......##.#####.........
..g.. #@# #.#######.
.... #.# #.# ..#
#.#####'####### . .
#.............# ..
#.............# ..
..............#...
..............#...
........<.........
......:.......####


You could see a gnoll.

Vanquished Creatures
  A gnoll (D:2)
  An adder (D:2)
  A bat (D:2)
  2 endoplasms (D:1)
  2 giant cockroaches
  4 jackals (D:1)
  2 kobolds (D:2)
  2 ball pythons (D:1)
  A rat (D:1)
16 creatures vanquished.

Notes
Turn   | Place    | Note
-------+----------+-------------------------------------------
     0 | D:1      | qw the Deep Elf Hunter began the quest for the Orb.
     0 | D:1      | Reached XP level 1. HP: 12/12 MP: 3/3
     0 | D:1      | 0 ||| qw: Version: 0.3-a-22-g0ed2b0b
     0 | D:1      | 0 ||| qw: Game counter: 5581
     0 | D:1      | 0 ||| qw: Melee chars always use a shield: true
     0 | D:1      | 0 ||| qw: God list: Okawaru
     0 | D:1      | 0 ||| qw: Allow faded altars: false
     0 | D:1      | 0 ||| qw: Do Orc after clearing Dungeon:15 true
     0 | D:1      | 0 ||| qw: Do second Lair branch before Depths: true
     0 | D:1      | 0 ||| qw: Lair rune preference: random
     0 | D:1      | 0 ||| qw: Goals: Normal
     0 | D:1      | 0 ||| PLANNING D:1-11
    53 | D:1      | HP: 3/12 [jackal (2)]
   154 | D:1      | Found a faded altar of an unknown god.
   159 | D:1      | Reached XP level 2. HP: 16/16 MP: 4/4
   259 | D:1      | Reached skill level 6 in Ranged Weapons
   590 | D:1      | Found Zicu's Antique Armour Shoppe.
   595 | D:1      | 595 ||| SHOPLISTING cloak (108 gold, have 25).
   595 | D:1      | 595 ||| SHOPLISTING glowing leather armour (120 gold, have
                  | 25).
   595 | D:1      | 595 ||| SHOPLISTING glowing scale mail (168 gold, have 25).
   595 | D:1      | 595 ||| SHOPLISTING runed ring mail (168 gold, have 25).
   689 | D:1      | 689 ||| UPGRADING to +0 ring mail.
   699 | D:1      | 699 ||| DROPPING +0 leather armour.
   700 | D:1      | 700 ||| READING 2 scrolls labelled YTSEIRPH TOAM.
   701 | D:1      | 701 ||| READING scroll labelled JUACARUORR.
   702 | D:1      | 702 ||| READING scroll labelled XOANOZ DELY.
   703 | D:1      | 703 ||| READING scroll labelled EHADDA QA VAU.
   707 | D:1      | 707 ||| READING scroll labelled GAIKHE ATTI.
   739 | D:1      | 739 ||| DROPPING scroll of immolation.
   740 | D:1      | 740 ||| DROPPING scroll of butterflies.
  1055 | D:2      | Reached XP level 3. HP: 10/20 MP: 5/5
  1055 | D:2      | 1055 ||| Stepping ~*~*~tactically~*~*~ (outnumbered).
  1060 | D:2      | 1060 ||| Stepping ~*~*~tactically~*~*~ (outnumbered).
  1061 | D:2      | HP: 4/20 [gnoll/+0 spear (4)]
  1062 | D:2      | Slain by a gnoll

Levels and vault maps discovered:
D:1:      lightli_arrival_boilingwater, layout_basic, serial_shops,
          nicolae_shop_just_a_little_nook, dreamdust_ecumenical_altar_statues
D:2:      layout_basic, serial_curves, eino_curves_01, eino_curves_03,
          eino_curves_01

Skill      XL: |  1  2 |
---------------+-------+-----
Ranged Weapons | 6 |  6.8
Fighting       | |  1.5
Dodging        | |  2.4
Stealth        | |  1.2

Action                     || total
---------------------------++-------
   Fire: Shortbow          ||    46
    Use: Scroll            ||     5
 Armour: Leather armour    ||     5
         Ring mail         ||     4
  Dodge: Dodged            ||    17

Table legend:
 A = Non-vault XP
 B = Vault XP
 C = Vault XP percentage of total XP
 D = Non-vault monster count
 E = Vault monster count
 F = Vault count percentage of total count
                 A         B        C        D         E       F
            +---------+---------+-------+---------+---------+-------
      Total |      51 |       0 |   0.0 |      16 |       0 |   0.0
            +---------+---------+-------+---------+---------+-------
        D:1 |      17 |       0 |   0.0 |      10 |       0 |   0.0
        D:2 |      34 |       0 |   0.0 |       6 |       0 |   0.0
            +---------+---------+-------+---------+---------+-------
